 Dungeon Crawl Stone Soup version 0.31.0-12-g77e489cdc1 (webtiles) character file.

Game seed: 10140548528022369182

27304 bearlyready the Thaumaturge (level 13, -5/99 HPs)
             Began as a Gnoll Alchemist on Feb 21, 2024.
             Was a Follower of Yredelemnul.
             Killed by divine providence
             ... invoked by Saint Roka
              (15 damage)
             ... on level 2 of the Orcish Mines.
             The game lasted 00:35:20 (15023 turns).

bearlyready the Thaumaturge (Gnoll Alchemist)      Turns: 15023, Time: 00:35:20

Health: -5/99      AC: 13    Str:  7    XL:     13   Next: 31%
Magic:  3/26       EV: 16    Int: 20    God:    Yredelemnul [*.....]
Gold:   1177       SH:  0    Dex: 13    Spells: 18/31 levels left

rFire   + . .        m - +0 demon whip (venom)
rCold   . . .        (no shield)
rNeg    . . .        Z - +1 robe {rF+}
rPois   .            r - +0 helmet
rElec   .            i - +0 cloak
rCorr   .            j - +0 pair of gloves
SInv    .            N - +0 pair of boots
Will    .....        Y - amulet of regeneration
Stlth   ++++         k - ring of wizardry
HPRegen 1.16/turn    Q - +4 ring of protection
MPRegen 0.20/turn

%: wizardry (x1)
@: no status effects
A: fangs 1, strong nose, distributed training
a: Renounce Religion, Recall Undead Harvest


You were on level 2 of the Orcish Mines.
You worshipped Yredelemnul.
Yredelemnul was aware of your devotion.
You visited 2 branches of the dungeon, and saw 14 of its levels.

You collected 1403 gold pieces.
You spent 226 gold pieces at shops.

Inventory:

Hand Weapons
 c - a +0 sling
 m - a +0 demon whip of venom (weapon)
 w - a +0 broad axe
 G - a +0 trident of protection
 L - a +0 morningstar
 M - a +1 vampiric dagger
 X - a +4 great sword
Missiles
 a - a throwing net
 e - 80 stones
 g - 9 poisoned darts
 p - 9 boomerangs (quivered)
 W - 7 silver javelins
Armour
 i - a +0 cloak (worn)
 j - a +0 pair of gloves (worn)
 r - a +0 helmet (worn)
 A - a +2 robe of positive energy
 B - a +0 hat of stealth
 N - a +0 pair of boots (worn)
 O - a +0 robe of willpower
 Z - a +1 robe of fire resistance (worn)
Jewellery
 k - a ring of wizardry (left hand)
 x - a ring of wizardry
 Q - a +4 ring of protection (right hand)
 R - a +6 ring of strength
 Y - an amulet of regeneration (around neck)
Talismans
 P - a serpent talisman
Wands
 v - a wand of roots (2)
 z - a wand of flame (56)
 K - a wand of polymorph (19)
Scrolls
 d - 4 scrolls of teleportation
 f - 2 scrolls of amnesia
 h - 2 scrolls of fear
 n - 2 scrolls of fog
 o - 4 scrolls of enchant armour
 q - a scroll of poison
 t - 3 scrolls of immolation
 u - a scroll of enchant weapon
 y - 4 scrolls of blinking
 F - a scroll of acquirement {unknown}
 I - a scroll of torment {unknown}
 S - a scroll of revelation {unknown}
 T - a scroll of noise {unknown}
Potions
 b - a potion of magic
 l - 3 potions of attraction {unknown}
 s - a potion of haste
 C - 2 potions of enlightenment {unknown}
 D - 2 potions of curing
 E - a potion of might {unknown}
 H - 2 potions of brilliance {unknown}
 J - a potion of ambrosia {unknown}
 U - 2 potions of mutation {unknown}
 V - a potion of resistance {unknown}


   Skills:
 + Level 8.5 Fighting
 + Level 8.5 Short Blades
 + Level 8.5 Long Blades
 + Level 8.5 Axes
 + Level 8.5 Maces & Flails
 + Level 8.5 Polearms
 + Level 8.5 Staves
 + Level 8.5 Ranged Weapons
 + Level 8.5 Throwing
 + Level 8.5 Armour
 + Level 9.7 Dodging
 + Level 9.5 Stealth
 + Level 8.5 Shields
 + Level 8.5 Unarmed Combat
 + Level 9.9 Spellcasting
 + Level 7.4 Conjurations
 + Level 7.0 Hexes
 + Level 7.0 Summonings
 + Level 7.0 Necromancy
 + Level 7.0 Translocations
 + Level 7.0 Fire Magic
 + Level 7.0 Ice Magic
 + Level 7.0 Air Magic
 + Level 7.0 Earth Magic
 + Level 9.0 Alchemy
 + Level 9.3 Invocations
 + Level 8.5 Evocations
 + Level 7.7 Shapeshifting


You had 18 spell levels left.
You knew the following spells:

 Your Spells              Type           Power      Damage    Failure   Level
a - Sting                 Conj/Alch      100%       1d9       1%          1
b - Olgreb's Toxic Radia  Alch           46%        N/A       1%          4
c - Frozen Ramparts       Ice            76%        1d12      1%          3
d - Irradiate             Conj/Alch      21%        3d18      2%          5

Your spell library contained the following spells:

 Spells                   Type           Power      Damage    Failure   Level
 Apportation              Tloc           76%        N/A       1%          1
 Magic Dart               Conj           100%       1d8       1%          1
 Necrotise                Necr           100%       1d9       1%          1
 Summon Small Mammal      Summ           100%       N/A       1%          1
 Mercury Vapours          Alch/Air       84%        N/A       1%          2
 Searing Ray              Conj           78%        2d7       1%          2
 Dazzling Flash           Conj/Hex       78%        N/A       1%          3
 Inner Flame              Hex/Fire       38%        N/A       1%          3
 Mephitic Cloud           Conj/Alch/Air  41%        N/A       1%          3
 Volatile Blastmotes      Fire/Tloc      76%        2d16      1%          3
 Fulminant Prism          Conj/Alch      21%        3d12      1%          4
 Leda's Liquefaction      Alch/Erth      21%        N/A       1%          4
 Petrify                  Alch/Erth      42%        N/A       1%          4
 Sticky Flame             Fire/Alch      42%        2d8       1%          4
 Iskenderun's Battlesphe  Conj           39%        2d9       3%          5
 Freezing Cloud           Conj/Ice/Air   19%        6-21      4%          5
 Metabolic Englaciation   Hex/Ice        19%        N/A       4%          5
 Bombard                  Conj/Erth      19%        9d4       21%         6
 Starburst                Conj/Fire      19%        6d7       21%         6
 Spellforged Servitor     Conj/Summ      19%        N/A       71%         7
 Ignition                 Fire           19%        3d7       100%        8
 Maxwell's Capacitive Co  Air            19%        ∞         100%        8


Dungeon Overview and Level Annotations

Branches:
Dungeon (12/15)            Temple (0/1) D:7            Lair (0/5) D:10
    Orc (2/2) D:10
    Elf: Orc:2

Altars:
Cheibriados
Nemelex Xobeh
Okawaru
Qazlal
Yredelemnul
The Shining One

Shops:
D:4 ?*!:*(

Annotations:
D:4 2 transporters, BigDaddyOpFi's ghost, novice OpFi
D:6 1 runed translucent door, RancidPinata's ghost, novice OpDe
D:11 2 transporters, aheadsounds's ghost, novice FeDe
Orc:2 Saint Roka


Innate Abilities, Weirdness & Mutations

You have very sharp teeth.
Your uncanny sense of smell can sniff out nearby items.
Your experience applies equally to all skills.


Message History

Saint Roka hits your orc sorcerer zombie with a +3 great sword of distortion!
Your orc sorcerer zombie is devoured by a tear in reality.
Your two-headed ogre zombie hits Saint Roka but does no damage.
Your two-headed ogre zombie hits Saint Roka.
You can no longer trade souls for undead servants.
Casting: Olgreb's Toxic Radiance (mildly dangerous; 1% risk of failure)
Confirm with . or Enter, or press ? or * to list all spells.
You begin to radiate toxic energy.
The orc warrior looks even sicker.
Saint Roka looks as sick as possible!
The orc warrior looks even sicker.
Saint Roka looks as sick as possible!
The orc warrior shoots an arrow.
The arrow hits your two-headed ogre zombie!
Your two-headed ogre zombie is destroyed!
Saint Roka mumbles some strange prayers to Beogh against you.
Beogh smites you!
* * * LOW HITPOINT WARNING * * *
Aiming: Throw Flame
Press: ? - help, Shift-Dir - straight line, f - Saint Roka
Aim: Saint Roka, wielding a +3 great sword of distortion and wearing a +2 chain mail of cold resistance (heavily wounded, extremely poisoned, ally target, 82% to hit)
The puff of flame hits Saint Roka but does no damage.
Saint Roka is heavily wounded.
The orc warrior looks as sick as possible!
An orc priest comes into view. It is wielding a +0 club.
The orc warrior looks as sick as possible!
Saint Roka looks as sick as possible!
The orc warrior shoots an arrow.
The arrow barely misses you.
Saint Roka roars a battlecry!
Saint Roka looks as sick as possible!
Your toxic aura wanes.
You feel a bit more experienced.
Saint Roka invokes the aid of Beogh against you.
Beogh smites you!
* * * LOW HITPOINT WARNING * * *
Things that are here:
a +0 giant club; a +0 giant club Your ogre zombie hits Saint Roka.
Saint Roka invokes the aid of Beogh against you.
Beogh smites you!
You die...
Saint Roka roars, "Praise to Beogh!"
Your body rises from the dead as a mindless zombie.

.#..... #8Z).8# #.....#
#..[Z.# #....# #.)[o.##
#....#### ##..)#.##
##.......## ##.[...# #
#.........# ##....##.#
#.....ZZ.########.........
##....Z#####.##.#).......#
#......Z#.#.....@.....#.#
##................#....##
...........#......#.....##
........#.####..)).......#.###
.......#...###.#........#.....
..........###....)#..#..#.....
...#.............)............
..#...........................
..........[.................#


You could see Saint Roka (extremely poisoned, ally target) and a friendly ogre
zombie.

Vanquished Creatures
  Snorg (D:11)
  5 two-headed ogres
  An orc high priest (Orc:2)
  Urug (D:11)
  Amaemon (D:8)
  2 orc knights (Orc:2)
  A cyclops (D:11)
  4 orc sorcerers
  2 manticores
  Maurice (D:7)
  An orange demon (D:8)
  A gargoyle (D:11)
  2 kobold blastminers (Orc:1)
  A hornet (D:10)
  Sigmund (D:4)
  A shadow (D:12)
  5 yaks
  9 vampire mosquitoes
  A steam dragon (D:8)
  Eustachio (D:6)
  2 wargs (Orc:2)
  Edmund (D:4)
  Duvessa (D:6)
  2 acid dragons (D:9)
  3 ice beasts
  23 orc warriors
  A black bear (D:7)
  A sky beast (D:8)
  6 ogres
  6 centaurs
  3 bullfrogs (D:7)
  2 scorpions
  3 gnoll sergeants
  3 wights
  Dowan (D:6)
  8 killer bees
  11 howler monkeys
  4 bombardier beetles
  3 hounds
  16 orc priests
  3 jellies
  Crazy Yiuf (D:3)
  A sleepcap (D:6)
  27 orc wizards
  3 iguanas
  A howler monkey zombie (D:11)
  3 gnolls (D:10)
  9 adders
  3 orc zombies
  A shadow imp (D:7)
  3 white imps
  5 ufetubi
  2 ribbon worms (D:2)
  5 dart slugs
  72 orcs
  7 ball pythons
  6 endoplasms
  3 giant cockroaches
  A gnoll zombie (D:10)
  8 goblins
  2 hobgoblins
  6 kobolds (D:1)
  7 quokkas
  A bat (D:3)
  A frilled lizard (D:2)
  3 rats
326 creatures vanquished.

Vanquished Creatures (collateral kills)
  Gastronok (D:8)
  Erolcha (D:11)
  A two-headed ogre (Orc:2)
  A boulder beetle (D:11)
  A manticore (D:9)
  A kobold blastminer (Orc:1)
  A gargoyle (D:11)
  A troll (Orc:1)
  A slime creature (D:8)
  4 yaks (D:9)
  A water moccasin (D:5)
  A sky beast (D:6)
  3 orc warriors
  An ice beast (D:5)
  An ogre (Orc:2)
  A centaur (D:8)
  A bullfrog (D:7)
  4 wights
  4 killer bees
  A howler monkey (D:6)
  A jelly (D:8)
  2 orc priests (Orc:1)
  A hound (D:5)
  A sleepcap (D:8)
  2 orc wizards
  3 orcs
  A goblin (D:4)
  A quokka (D:4)
  A kobold (D:4)
44 creatures vanquished.

Vanquished Creatures (others)
  An ogre mage (Orc:2)
  2 two-headed ogre zombies (Orc:2)
  A water moccasin zombie (D:5)
  A demonspawn zombie (D:8)
  2 yak zombies (D:9)
  2 bullfrog zombies (D:7)
  2 centaur zombies
  2 ogre zombies
  2 orc wizards (D:5)
  A scorpion zombie (D:7)
  4 killer bee zombies
  2 acid dragon zombies (D:9)
  An ice beast zombie (D:5)
  A hound zombie (D:5)
  A howler monkey zombie (D:8)
  A gnoll zombie (D:6)
  An adder zombie (D:5)
  An elf zombie (D:6)
  A human zombie (D:4)
  An iguana zombie (D:4)
  A jelly zombie (D:6)
  2 spectral white imps
  A dart slug zombie (D:5)
  A goblin zombie (D:4)
  55 orc zombies
  A quokka zombie (D:4)
  5 spectral ufetubi
96 creatures vanquished.

Grand Total: 466 creatures vanquished

Notes
Turn   | Place    | Note
-------+----------+-------------------------------------------
     0 | D:1      | bearlyready the Gnoll Alchemist began the quest for the
                  | Orb.
     0 | D:1      | Reached XP level 1. HP: 13/13 MP: 6/6
   121 | D:1      | Reached XP level 2. HP: 19/19 MP: 7/7
   687 | D:2      | Reached skill level 5 in Spellcasting
   687 | D:2      | Reached XP level 3. HP: 19/25 MP: 6/9
   725 | D:2      | Reached skill level 1 in Invocations
   815 | D:2      | Reached skill level 1 in Fighting
   815 | D:2      | Reached skill level 1 in Short Blades
   815 | D:2      | Reached skill level 1 in Long Blades
   815 | D:2      | Reached skill level 1 in Axes
   815 | D:2      | Reached skill level 1 in Maces & Flails
   815 | D:2      | Reached skill level 1 in Polearms
   815 | D:2      | Reached skill level 1 in Staves
   815 | D:2      | Reached skill level 1 in Ranged Weapons
   815 | D:2      | Reached skill level 1 in Throwing
   815 | D:2      | Reached skill level 1 in Armour
   815 | D:2      | Reached skill level 1 in Shields
   815 | D:2      | Reached skill level 1 in Unarmed Combat
   815 | D:2      | Reached skill level 1 in Evocations
  1009 | D:2      | Reached skill level 1 in Shapeshifting
  1009 | D:2      | Reached XP level 4. HP: 32/32 MP: 11/11
  1471 | D:3      | Reached skill level 1 in Hexes
  1471 | D:3      | Reached skill level 1 in Summonings
  1471 | D:3      | Reached skill level 1 in Necromancy
  1471 | D:3      | Reached skill level 1 in Translocations
  1471 | D:3      | Reached skill level 1 in Fire Magic
  1471 | D:3      | Reached skill level 1 in Ice Magic
  1471 | D:3      | Reached skill level 1 in Air Magic
  1471 | D:3      | Reached skill level 1 in Earth Magic
  1800 | D:3      | Reached XP level 5. HP: 34/37 MP: 12/12
  1860 | D:3      | Found a runed translucent door.
  1861 | D:3      | Noticed Crazy Yiuf
  1902 | D:3      | Found a sparkling altar of Nemelex Xobeh.
  1942 | D:3      | Found a basalt altar of Yredelemnul.
  1954 | D:3      | Became a worshipper of Yredelemnul the Dark
  2195 | D:3      | Killed Crazy Yiuf
  2327 | D:4      | Found Demaosua's Weapon Emporium.
  2328 | D:4      | Noticed a +0 triple sword
  2328 | D:4      | Noticed a +0 lajatang
  2387 | D:4      | Found Tybezosh's Book Shoppe.
  2427 | D:4      | Found a transporter.
  2427 | D:4      | Noticed an ogre
  2429 | D:4      | Noticed BigDaddyOpFi's ghost (novice OpFi)
  2430 | D:4      | Found a transporter.
  2461 | D:4      | Reached * piety under Yredelemnul
  2462 | D:4      | Reached XP level 6. HP: 37/44 MP: 14/14
  2493 | D:4      | Found Quqeack's Assorted Antiques.
  2513 | D:4      | Found Vaogg's Elemental Accessories.
  2577 | D:4      | Found Ynesips's Magic Scroll Shop.
  2582 | D:4      | Bought a scroll of blinking for 82 gold pieces
  2582 | D:4      | Bought a scroll of fear for 44 gold pieces
  2589 | D:4      | Reached skill level 5 in Dodging
  2666 | D:4      | Reached ** piety under Yredelemnul
  2666 | D:4      | Noticed Sigmund
  2673 | D:4      | Killed Sigmund
  2674 | D:4      | Reached XP level 7. HP: 51/51 MP: 9/15
  2728 | D:4      | Noticed Edmund
  2740 | D:4      | Your ally Sigmund died
  2746 | D:4      | Killed Edmund
  2967 | D:4      | Found Xoaq's Distillery.
  2973 | D:4      | Bought a potion of haste for 100 gold pieces
  3044 | D:4      | Reached skill level 5 in Stealth
  3395 | D:5      | Entered Level 5 of the Dungeon
  4006 | D:5      | Found a snail-covered altar of Cheibriados.
  4017 | D:5      | Reached XP level 8. HP: 58/58 MP: 16/16
  4775 | D:6      | Noticed Eustachio
  4779 | D:6      | Killed Eustachio
  4790 | D:6      | Noticed Duvessa
  4792 | D:6      | Noticed Dowan
  4802 | D:6      | Killed Duvessa
  4803 | D:6      | Reached XP level 9. HP: 56/65 MP: 15/18
  4810 | D:6      | Killed Dowan
  4972 | D:6      | Your ally Dowan died
  5573 | D:6      | Found a runed translucent door.
  5578 | D:6      | Noticed RancidPinata's ghost (novice OpDe)
  6397 | D:7      | Reached skill level 5 in Invocations
  6451 | D:7      | HP: 2/66 [ice beast (13)]
  6811 | D:7      | Found an iron altar of Okawaru.
  6909 | D:7      | Reached skill level 5 in Fighting
  6909 | D:7      | Reached skill level 5 in Short Blades
  6909 | D:7      | Reached skill level 5 in Long Blades
  6909 | D:7      | Reached skill level 5 in Axes
  6909 | D:7      | Reached skill level 5 in Maces & Flails
  6909 | D:7      | Reached skill level 5 in Polearms
  6909 | D:7      | Reached skill level 5 in Staves
  6909 | D:7      | Reached skill level 5 in Ranged Weapons
  6909 | D:7      | Reached skill level 5 in Throwing
  6909 | D:7      | Reached skill level 5 in Armour
  6909 | D:7      | Reached skill level 5 in Shields
  6909 | D:7      | Reached skill level 5 in Unarmed Combat
  6909 | D:7      | Reached skill level 5 in Evocations
  6909 | D:7      | Reached XP level 10. HP: 16/74 MP: 14/20
  7156 | D:7      | Found a stormy altar of Qazlal.
  7210 | D:7      | Noticed Maurice
  7402 | D:7      | Maurice stole a +2 flail of protection
  7406 | D:7      | Something stole a ring of wizardry
  7407 | D:7      | Killed Maurice
  7488 | D:7      | Found a staircase to the Ecumenical Temple.
  7639 | D:7      | Learned a level 4 spell: Olgreb's Toxic Radiance
  7643 | D:7      | Learned a level 3 spell: Frozen Ramparts
  7649 | D:7      | Learned a level 5 spell: Irradiate
  7727 | D:8      | Noticed Gastronok
  8060 | D:8      | Noticed Amaemon
  8063 | D:8      | Noticed an orange demon
  8076 | D:8      | HP: 2/74 [Gastronok/the air (29)]
  8084 | D:8      | Killed Amaemon
  8085 | D:8      | Reached skill level 5 in Conjurations
  8085 | D:8      | Reached skill level 5 in Shapeshifting
  8085 | D:8      | Killed an orange demon
  8101 | D:8      | Killed Gastronok
  8429 | D:8      | Your ally Amaemon died
  8435 | D:8      | Reached skill level 5 in Hexes
  8435 | D:8      | Reached skill level 5 in Summonings
  8435 | D:8      | Reached skill level 5 in Necromancy
  8435 | D:8      | Reached skill level 5 in Translocations
  8435 | D:8      | Reached skill level 5 in Fire Magic
  8435 | D:8      | Reached skill level 5 in Ice Magic
  8435 | D:8      | Reached skill level 5 in Air Magic
  8435 | D:8      | Reached skill level 5 in Earth Magic
  8437 | D:8      | Reached XP level 11. HP: 78/81 MP: 12/22
  9523 | D:9      | Found a glowing golden altar of the Shining One.
  9929 | D:9      | Reached *** piety under Yredelemnul
  9938 | D:9      | Reached **** piety under Yredelemnul
  9941 | D:9      | Reached ***** piety under Yredelemnul
 10306 | D:9      | Noticed a manticore
 10343 | D:9      | Noticed a manticore
 10354 | D:9      | Killed a manticore
 10358 | D:9      | Killed a manticore
 10779 | D:10     | Entered Level 10 of the Dungeon
 10824 | D:10     | Found a staircase to the Orcish Mines.
 11004 | D:10     | Noticed a two-headed ogre
 11013 | D:10     | Killed a two-headed ogre
 11188 | D:10     | Found a staircase to the Lair.
 11754 | D:10     | Paralysed by a hornet for 1 turns
 12389 | D:11     | Noticed Urug
 12397 | D:11     | Killed Urug
 12491 | D:11     | Found a transporter.
 12504 | D:11     | Found a transporter.
 12617 | D:11     | Noticed Erolcha
 12625 | D:11     | Killed Erolcha
 12626 | D:11     | Reached XP level 12. HP: 91/91 MP: 17/24
 12751 | D:11     | Noticed aheadsounds's ghost (novice FeDe)
 12931 | D:11     | Your ally Urug died
 13049 | D:11     | Noticed Snorg
 13061 | D:11     | Your ally Erolcha died
 13062 | D:11     | Killed Snorg
 13159 | D:11     | Noticed a boulder beetle
 13173 | D:11     | Killed a boulder beetle
 13583 | D:12     | Noticed a seven-headed hydra
 13673 | Orc:1    | Entered Level 1 of the Orcish Mines
 14323 | Orc:2    | Entered Level 2 of the Orcish Mines
 14524 | Orc:2    | Noticed a two-headed ogre
 14531 | Orc:2    | Killed a two-headed ogre
 14532 | Orc:2    | Noticed an orc high priest
 14555 | Orc:2    | Killed an orc high priest
 14676 | Orc:2    | Noticed a two-headed ogre
 14685 | Orc:2    | Reached XP level 13. HP: 98/98 MP: 14/26
 14999 | Orc:2    | Noticed Saint Roka
 15023 | Orc:2    | Killed from afar by Saint Roka

Illustrated notes

Levels and vault maps discovered:
D:1:      minmay_arrival_cross, layout_rooms, hangedman_decor_riveting,
          serial_park_tiny_1, nrook_loot_triangle
D:2:      layout_basic, kennysheep_boxes
D:3:      cheibrodos_old_hovel, layout_loops_cross,
          nemelex_diamond_rough_becter, mainiacjoe_overflow_tiny_flanked,
          uniq_crazy_yiuf_cottage
D:4:      layout_loops_ring, gammafunk_ghost_smash, serial_shops,
          nicolae_shop_tiny_glass, nicolae_shop_hallway_plus,
          nicolae_shop_rolling_square, nicolae_shop_mannequins, shop,
          nicolae_elemental_shop, st_stairs_12, uniq_sigmund, uniq_edmund
D:5:      minmay_diamond_boxcup, layout_basic, slow_altar_2
D:6:      hangedman_cross_stitches, layout_loops_ring,
          ebering_ghost_reflecting_pool, uniq_eustachio, uniq_duvessa
D:7:      layout_rooms, mainiacjoe_overflow_six_doors_small,
          lemuel_crystal_altar, temple_statues, uniq_maurice
D:8:      layout_cave_pods, serial_park, serial_park_square2,
          serial_park_square3 [serial_park_minivault_5x5_2], serial_park_square1
          [serial_park_minivault_5x5_1], serial_park_avenue1, uniq_amaemon,
          uniq_gastronok
D:9:      layout_roguey, kennysheep_little_box, grunt_tough_drop
D:10:     layout_loops_corners, lair_entry_dummy, david_orc_5,
          nicolae_fountain_basement
D:11:     layout_stronghold, gammafunk_ghost_stat_death, uniq_erolcha,
          uniq_snorg, uniq_urug
D:12:     layout_rooms, uniq_nergalle, uniq_frances
Orc:1:    layout_diamond_mine
Orc:2:    grunt_orc_cross, layout_caves

Skill      XL: |  1  2  3  4  5  6  7  8  9 10 11 12 13 |
---------------+----------------------------------------+-----
Conjurations   | 2 3 4 5 6 7 |  7.4
Spellcasting   | 5 6 7 8 9 |  9.9
Invocations    | 1 2 3 4 5 6 7 8 9 |  9.3
Fighting       | 1 2 3 4 5 6 7 8 |  8.5
Short Blades   | 1 2 3 4 5 6 7 8 |  8.5
Long Blades    | 1 2 3 4 5 6 7 8 |  8.5
Axes           | 1 2 3 4 5 6 7 8 |  8.5
Maces & Flails | 1 2 3 4 5 6 7 8 |  8.5
Polearms       | 1 2 3 4 5 6 7 8 |  8.5
Staves         | 1 2 3 4 5 6 7 8 |  8.5
Ranged Weapons | 1 2 3 4 5 6 7 8 |  8.5
Throwing       | 1 2 3 4 5 6 7 8 |  8.5
Armour         | 1 2 3 4 5 6 7 8 |  8.5
Shields        | 1 2 3 4 5 6 7 8 |  8.5
Unarmed Combat | 1 2 3 4 5 6 7 8 |  8.5
Evocations     | 1 2 3 4 5 6 7 8 |  8.5
Shapeshifting  | 1 2 3 4 5 6 7 |  7.7
Hexes          | 1 2 3 4 5 6 7 |  7.0
Summonings     | 1 2 3 4 5 6 7 |  7.0
Necromancy     | 1 2 3 4 5 6 7 |  7.0
Translocations | 1 2 3 4 5 6 7 |  7.0
Fire Magic     | 1 2 3 4 5 6 7 |  7.0
Ice Magic      | 1 2 3 4 5 6 7 |  7.0
Air Magic      | 1 2 3 4 5 6 7 |  7.0
Earth Magic    | 1 2 3 4 5 6 7 |  7.0
Dodging        | 5 6 7 8 9 |  9.7
Stealth        | 5 6 7 8 9 |  9.5
Alchemy        | 6 7 8 9 |  9.0

Action                     |  1- 3 |  4- 6 |  7- 9 | 10-12 | 13-15 || total
---------------------------+-------+-------+-------+-------+-------++-------
  Melee: Unarmed           |     7 |       |       |       |       ||     7
         Bite              |     1 |     8 |    39 |    52 |     2 ||   102
         Short sword       |       |    65 |   339 |    89 |       ||   493
         Punch             |       |     1 |    14 |    22 |     1 ||    38
         Demon whip        |       |       |       |   300 |    12 ||   312
   Fire: Sling             |   103 |    16 |       |       |       ||   119
  Throw: Boomerang         |       |       |       |    15 |       ||    15
         Dart              |       |       |       |     2 |       ||     2
   Cast: Sting             |     2 |    38 |    99 |    17 |       ||   156
         Olgreb's Toxic Ra |       |       |       |    60 |    15 ||    75
         Irradiate         |       |       |       |    17 |     2 ||    19
         Frozen Ramparts   |       |       |       |    13 |     1 ||    14
 Invoke: Recall Undead Har |       |       |     1 |     1 |       ||     2
         Dark Bargain      |       |       |       |     1 |       ||     1
  Evoke: Wand              |       |       |       |     4 |     1 ||     5
    Use: Potion            |       |     1 |     2 |     2 |       ||     5
         Scroll            |       |       |     7 |     4 |       ||    11
   Stab: Sleeping          |     1 |     6 |    10 |     9 |       ||    26
         Distracted        |       |     1 |     2 |     5 |     2 ||    10
 Armour: Robe              |    26 |    32 |   262 |   265 |    10 ||   595
  Dodge: Dodged            |    35 |    55 |   278 |   244 |    12 ||   624
